Map: 10000 Feet LE

Players

Shader - Winner!

  • Race: Zerg Zerg
  • League: Platinum
  • Spawn Location: 5:00

Sakhastan

  • Race: Terran Terran
  • League: Diamond
  • Spawn Location: 11:00

VOD

Have the link to the VOD?

Description

Time

  • Played on: Nov. 25, 2025, 8:41 a.m.
  • Length: 4:52
Show
View Real Time Build Order
Export as new Build Order

Shader Zerg - Winner!

Build Orders: Hatch First, Zergling Baneling 

Get SALT Encoding   

  12  0:01  Drone  
  13  0:09  Drone  
  14  0:16  Overlord  
  14  0:34  Drone x2  
  14  0:35  Drone  
  17  0:53  Hatchery  
  16  0:59  Drone, Extractor  
  16  1:12  Spawning Pool  
  16  1:16  Drone  
  16  1:28  Drone x3  
  19  1:41  Drone  
  20  1:55  Overlord  
  20  2:00  Queen  
  22  2:05  Queen  
  24  2:10  Drone  
  24  2:12  Drone  
  26  2:17  Metabolic Boost  
  26  2:20  Zergling x2  
  27  2:23  Zergling x2  
  28  2:32  Baneling Nest  
  28  2:33  Drone  
  28  2:39  Zergling x4  
  30  2:47  Zergling x4  
  30  2:50  Zergling x2  
  33  2:55  Drone  
  34  3:02  Drone  
  34  3:05  Overlord  
  35  3:13  Overlord  
  35  3:24  Zergling x6  
  35  3:25  Zergling x6  
  41  3:36  Zergling x2  
  41  3:37  Zergling x2  
  41  3:41  Zergling x6  
  43  3:48  Roach Warren  
  43  3:49  Drone  
  43  3:50  Drone x2  
  45  3:57  Baneling  
  45  3:58  Baneling x6  
  45  4:00  Baneling  
  45  4:01  Baneling  
  45  4:05  Zergling x2  
  45  4:07  Drone  
  45  4:09  Drone  
Show
View Real Time Build Order
Export as new Build Order

Sakhastan Terran 

Build Orders: 2 Factory, Hellion Opening 

Get SALT Encoding   

  12  0:01  SCV  
  13  0:13  SCV  
  14  0:21  Supply Depot  
  14  0:25  SCV  
  15  0:31  Refinery  
  15  0:43  SCV  
  15  0:45  Barracks  
  16  0:55  SCV  
  17  1:07  SCV  
  18  1:19  SCV  
  19  1:31  SCV  
  20  1:38  Command Center  
  20  1:47  Factory  
  20  1:55  Orbital Command  
  20  2:01  Barracks Reactor  
  20  2:08  Supply Depot  
  20  2:21  SCV  
  21  2:36  SCV  
  22  2:44  Refinery  
  22  2:46  Hellion x2  
  22  2:48  SCV  
  22  2:50  Orbital Command  
  27  2:59  Barracks Tech Lab  
  27  3:00  SCV  
  28  3:07  Hellion x2  
  33  3:12  SCV  
  33  3:14  Factory  
  33  3:15  SCV  
  34  3:25  SCV  
  35  3:28  Factory, SCV  
  36  3:37  SCV  
  37  3:42  Hellion x2  
  37  3:48  SCV  
  34  3:50  SCV  
  35  4:00  SCV  
  35  4:02  SCV  
  37  4:03  Supply Depot  
  37  4:08  Hellion x2  
  37  4:09  Factory Tech Lab  
  41  4:12  SCV  
  41  4:14  Factory Reactor, SCV  
  41  4:15  Factory Tech Lab  
  43  4:23  Factory  
  43  4:24  SCV  
  43  4:26  SCV  
  45  4:36  SCV  
  34  4:38  SCV  
  34  4:43  Supply Depot  
Tags
 
Add a new tag
Caveats
  • Supply blocks, unpowered buildings, or Contaminate may cause inaccurate times.
  • Supply counts are checked every 10 seconds.